 Dungeon Crawl Stone Soup version 0.24-a0-115-gd155597 (console) character file.

Game seed: 10135054023103944458

1526 Duffy the Caller (level 8, -3/62 HPs)
             Began as a Naga Summoner on Feb 17, 2019.
             Was an Initiate of Ru.
             Slain by Joseph
             ... wielding a +0 quarterstaff of pain
              (21 damage)
             ... on level 7 of the Dungeon.
             The game lasted 00:12:48 (8534 turns).

Duffy the Caller (Naga Summoner)                    Turns: 8534, Time: 00:12:49

Health: -3/62      AC:  5    Str: 11    XL:     8   Next: 85%
Magic:  4/15       EV: 10    Int: 17    God:    Ru [......]
Gold:   178        SH:  0    Dex: 12    Spells: 3/17 levels left

rFire    . . .     SeeInvis +   e - +1 spear (vamp)
rCold    . . .     Gourm    .   (no shield)
rNeg     . . .     Faith    .   a - +0 robe
rPois    +         Spirit   .   (no helmet)
rElec    .         Reflect  .   x - +0 cloak
rCorr    .         Harm     .   s - +0 pair of gloves
MR       ++...                  (no barding)
Stlth    ++........             (no amulet)
HPRegen  0.20/turn              f - ring of protection from magic
MPRegen  0.14/turn              (no ring)

@: very slow
A: large, see invisible, deformed body, poison resistance, slowness 2, slow
metabolism 1, spit poison 1, AC +2
a: Spit Poison, Renounce Religion


You were on level 7 of the Dungeon.
You worshipped Ru.
Ru was noncommittal.
You were near starving.

You visited 2 branches of the dungeon, and saw 8 of its levels.
You also visited: Ossuary.

You collected 178 gold pieces.

Inventory:

Hand Weapons
 e - a +1 vampiric spear (weapon)
Missiles
 y - 2 throwing nets (quivered)
Armour
 a - a +0 robe (worn)
 s - a +0 pair of gloves (worn)
 x - a +0 cloak (worn)
Jewellery
 f - a ring of protection from magic (left hand)
Wands
 i - a wand of disintegration (15)
Scrolls
 b - 7 scrolls of identify
 d - 5 scrolls of remove curse {unknown}
 g - 3 scrolls of magic mapping {unknown}
 k - a scroll of amnesia {unknown}
 l - 2 scrolls of random uselessness {unknown}
 n - a scroll of noise {unknown}
 o - a scroll of teleportation {unknown}
 q - a scroll of immolation {unknown}
 t - 2 scrolls of blinking {unknown}
 u - a scroll of enchant armour {unknown}
 v - a scroll of fog {unknown}
Potions
 h - 2 potions of heal wounds
 j - 2 potions of degeneration
 m - 4 potions of lignification
 p - 2 potions of curing {unknown}
 r - 3 potions of flight
 w - a potion of agility {unknown}
 z - a potion of brilliance {unknown}
Comestibles
 c - 6 rations


   Skills:
 + Level 3.7 Polearms
 - Level 1.5 Dodging
 - Level 3.0 Stealth
 + Level 5.2 Spellcasting
 + Level 6.7 Summonings
 + Level 4.0 Air Magic
 + Level 4.6 Evocations


You had 3 spell levels left.
You knew the following spells:

 Your Spells              Type           Power        Failure   Level  Hunger
h - Call Canine Familiar  Summ           ####....     2%          3    ###....
j - Call Imp              Summ           ####....     1%          2    #......
k - Summon Small Mammal   Summ           ####         1%          1    None
l - Summon Lightning Spi  Summ/Air       ###.....     16%         4    ####...
y - Summon Ice Beast      Ice/Summ       ###.....     34%         4    ####...

Your spell library contained the following spells:

 Spells                   Type           Power        Failure   Level  Hunger
 Summon Guardian Golem    Hex/Summ       ###.....     11%         3    ###....
 Animate Skeleton         Necr           N/A          14%         1    None
 Apportation              Tloc           #.....       14%         1    None
 Confusing Touch          Hex            #.....       14%         1    None
 Corona                   Hex            #......      14%         1    None
 Ensorcelled Hibernation  Hex/Ice        #.....       22%         2    #......
 Confuse                  Hex            #.......     38%         3    ###....
 Dazzling Spray           Conj/Hex       #.....       38%         3    ###....
 Tukima's Dance           Hex            #.......     38%         3    ###....


Dungeon Overview and Level Annotations

Branches:
Dungeon (7/15)             Temple (1/1) D:6

Altars:
Ashenzari
Cheibriados
Dithmenos
Elyvilon
Gozag
Hepliaklqana
Kikubaaqudgha
Makhleb
Nemelex Xobeh
Okawaru
Qazlal
Ru
Trog
Vehumet
Wu Jian
Yredelemnul
Zin
The Shining One

Shops:
D:4 *

Annotations:
D:7 Joseph


Innate Abilities, Weirdness & Mutations

You cannot wear boots.
Your serpentine skin is tough. (AC +2)
You have supernaturally acute eyesight. (SInv)
Armour fits poorly on your strangely shaped body.
Your system is resistant to poisons. (rPois)
You cover ground very slowly.
You have a slow metabolism.
You can spit poison.


Message History

Press: ? - help, Dir - move target cursor, f/p - Joseph
Aim: Joseph, wielding a +0 hunting sling and wearing a +4 ring mail of poison resistance (almost dead)
You reach to attack!
You hit Joseph.
You feel better.
Joseph is almost dead.
Joseph shoots a sling bullet.
The sling bullet hits your hound!!
Your hound dies!
Your hound's corpse disappears in a puff of smoke!
Attack whom?
Press: ? - help, Dir - move target cursor, f/p - Joseph
Aim: Joseph, wielding a +0 hunting sling and wearing a +4 ring mail of poison resistance (almost dead)
You reach to attack!
You hit Joseph.
Joseph is almost dead.
Joseph shoots a sling bullet.
The sling bullet closely misses you.
Joseph unwields a +0 hunting sling.
Joseph wields a +0 quarterstaff of pain.
Joseph hits you but does no damage.
You see here 3 sling bullets.
Cast which spell? (? or * to list) Joseph hits you with a +0 quarterstaff of pain!!
You die...

.# .# #.#
##############.#
#.@(h...##.....# ###
#@#####.##.###.##..
#(#..........#.#.#
#.#.###.##.#....#
#.#.# #.##.#....#
#.#.###.##.##...## #
#.......##.###.#.###
###.######.....##...
#.# #####.#####


You could see Joseph and a friendly hound.

Vanquished Creatures
  Pikel (D:6)
  A sky beast (D:5)
  A slave (D:6)
  A bullfrog (D:6)
  A crimson imp (D:5)
  A hound (D:5)
  An iguana (D:5)
  5 worker ants
  4 big kobold zombies (Ossuary)
  An adder (D:5)
  An adder skeleton (D:6)
  2 worms (D:2)
  2 dart slugs
  A leopard gecko (D:4)
  7 orcs
  3 spectral bats (Ossuary)
  2 ball pythons
  11 bats
  7 giant cockroaches
  5 hobgoblins
  3 jackals (D:3)
  4 kobolds
  A quokka (D:3)
  A ball python skeleton (D:5)
  8 frilled lizards
  4 gnoll zombies (Ossuary)
  6 goblins
  3 goblin simulacra (Ossuary)
  A goblin skeleton (D:6)
  A goblin zombie (Ossuary)
  A hobgoblin zombie (Ossuary)
  A kobold simulacrum (Ossuary)
  3 kobold zombies (Ossuary)
  3 orc zombies (Ossuary)
  4 rats
  A rat simulacrum (Ossuary)
  3 spectral goblins (Ossuary)
  3 spectral rats (Ossuary)
109 creatures vanquished.

Vanquished Creatures (collateral kills)
  Grinder (D:6)
  Eustachio (D:5)
  Edmund (D:6)
  An ice beast (D:6)
  3 slaves (D:6)
  A phantom (D:7)
  A sky beast (D:3)
  An ogre (D:5)
  A bullfrog (D:6)
  2 crimson imps
  2 hounds (D:5)
  A jelly (D:5)
  2 orc priests
  An orc wizard (D:5)
  3 big kobold zombies (Ossuary)
  A mummy (Ossuary)
  3 gnolls (D:5)
  An adder (D:2)
  An adder skeleton (D:6)
  2 leopard geckos (D:5)
  11 orcs
  2 spectral bats (Ossuary)
  A gnoll zombie (Ossuary)
  2 hobgoblins (D:3)
  A quokka (D:6)
  A ball python skeleton (D:5)
  A bat simulacrum (Ossuary)
  5 goblin simulacra (Ossuary)
  2 goblin zombies (Ossuary)
  4 hobgoblin zombies
  3 kobold simulacra (Ossuary)
  A kobold skeleton (D:6)
  2 kobold zombies (Ossuary)
  An orc skeleton (D:6)
  5 orc zombies
  3 rat simulacra (Ossuary)
  2 spectral goblins (Ossuary)
  5 spectral rats (Ossuary)
82 creatures vanquished.

Grand Total: 191 creatures vanquished

Notes
Turn   | Place    | Note
-------+----------+-------------------------------------------
     0 | D:1      | Duffy the Naga Summoner began the quest for the Orb.
     0 | D:1      | Reached XP level 1. HP: 15/15 MP: 3/3
   246 | D:1      | Reached XP level 2. HP: 17/22 MP: 5/5
   963 | D:1      | Reached XP level 3. HP: 28/28 MP: 6/6
   967 | D:1      | Learned a level 2 spell: Call Imp
   971 | D:1      | Learned a level 3 spell: Call Canine Familiar
  2066 | D:3      | Noticed a sky beast
  2077 | D:3      | Reached XP level 4. HP: 33/36 MP: 8/8
  2524 | D:3      | HP: 1/36 [orc/+0 hand axe (6)]
  2871 | D:3      | Reached skill level 1 in Evocations
  2936 | D:3      | Found an ancient bone altar of Kikubaaqudgha.
  3178 | D:3      | Killed a sky beast
  3178 | D:3      | Reached skill level 5 in Summonings
  3178 | D:3      | Reached XP level 5. HP: 20/42 MP: 2/10
  3351 | D:3      | Learned a level 4 spell: Summon Lightning Spire
  3523 | D:3      | Found a bloodstained altar of Trog.
  3937 | D:4      | Found an opulent altar of Gozag.
  3937 | D:4      | Found Gozag's Platinum Reserve.
  4351 | D:4      | Reached skill level 1 in Air Magic
  4351 | D:4      | Reached XP level 6. HP: 48/49 MP: 8/11
  4543 | D:5      | Entered Level 5 of the Dungeon
  4792 | D:5      | Noticed a sky beast
  4806 | D:5      | Killed a sky beast
  4806 | D:5      | Reached skill level 1 in Polearms
  5021 | D:5      | Reached XP level 7. HP: 55/55 MP: 4/13
  5391 | D:5      | Found a shadowy altar of Dithmenos.
  5471 | D:5      | Noticed Eustachio
  5535 | D:5      | Killed Eustachio
  6057 | D:6      | Found a glowing golden altar of the Shining One.
  6099 | D:6      | Noticed Pikel
  6119 | D:6      | Killed Pikel
  6119 | D:6      | Reached skill level 6 in Summonings
  6119 | D:6      | Reached XP level 8. HP: 35/62 MP: 3/14
  6189 | D:6      | Found a sand-covered staircase.
  6195 | Ossuary  | Entered an ossuary
  7016 | D:6      | Noticed Edmund
  7032 | D:6      | Killed Edmund
  7390 | D:6      | Reached skill level 5 in Spellcasting
  7772 | D:6      | Found a staircase to the Ecumenical Temple.
  7778 | Temple   | Entered the Ecumenical Temple
  7785 | Temple   | Became a worshipper of Ru the Awakened
  7879 | D:6      | Noticed Grinder
  7895 | D:6      | Killed Grinder
  8286 | D:6      | Learned a level 4 spell: Summon Ice Beast
  8493 | D:7      | Noticed Joseph
  8534 | D:7      | Slain by Joseph

Levels and vault maps discovered:
D:1:      dpeg_arrival_connections, layout_basic
D:2:      layout_loops_ring
D:3:      layout_basic, nicolae_overflow_hidden_temple,
          kiku_gazebo_garden_becter, minmay_misc_feat_hallway
D:4:      layout_basic, nicolae_gozag_zags_fifth_avenue
D:5:      layout_basic, first_ration, grunt_dithmenos_smoke, uniq_eustachio
D:6:      layout_loops_corners, minmay_temple_entry_hall, enter_ossuary_1,
          nicolae_tso_besieged_by_evil, uniq_edmund, uniq_pikel, uniq_grinder
D:7:      layout_loops_corners, kennysheep_mini_moat,
          gammafunk_ghost_nasty_kobolds, uniq_joseph
Temple:   nicolae_temple_no_exploring_needed
Ossuary:  ossuary_zaba_two_paths

Skill      XL: |  1  2  3  4  5  6  7  8 |
---------------+-------------------------+-----
Spellcasting   | 3 4 5 |  5.2
Evocations     | 2 3 4 |  4.6
Summonings     | 5 6 |  6.7
Air Magic      | 1 3 4 |  4.0
Polearms       | 1 2 3 |  3.7
Dodging        | |  1.5
Stealth        | |  3.0

Action                   |  1- 3 |  4- 6 |  7- 9 || total
-------------------------+-------+-------+-------++-------
Melee: Dagger            |    49 |    76 |       ||   125
       Trident           |       |    28 |   205 ||   233
       Spear             |       |       |   116 ||   116
Throw: Javelin           |     3 |       |       ||     3
 Cast: Summon Small Mamm |     2 |       |       ||     2
       Call Canine Famil |     2 |    16 |    28 ||    46
       Call Imp          |       |    20 |    28 ||    48
       Summon Lightning  |       |       |     4 ||     4
 Abil: Spit Poison       |    45 |    21 |     8 ||    74
  Use: Scroll            |       |       |     4 ||     4
       Potion            |       |       |     1 ||     1
 Stab: Sleeping          |     4 |     2 |    16 ||    22
       Distracted        |       |     1 |     7 ||     8
  Eat: Chunk             |     5 |    11 |    10 ||    26
       Ration            |       |       |     2 ||     2
Armor: Robe              |    21 |    26 |    61 ||   108
Dodge: Dodged            |    40 |    72 |   101 ||   213

Table legend:
 A = Non-vault XP
 B = Vault XP
 C = Vault XP percentage of total XP
 D = Non-vault monster count
 E = Vault monster count
 F = Vault count percentage of total count
                 A         B        C        D         E       F
            +---------+---------+-------+---------+---------+-------
      Total |    1229 |     952 |  43.6 |     110 |      77 |  41.2
            +---------+---------+-------+---------+---------+-------
        D:1 |      39 |       0 |   0.0 |      22 |       0 |   0.0
        D:2 |      42 |       0 |   0.0 |      20 |       0 |   0.0
        D:3 |     176 |       0 |   0.0 |      24 |       0 |   0.0
        D:4 |      73 |       0 |   0.0 |       9 |       0 |   0.0
        D:5 |     462 |     116 |  20.1 |      22 |       1 |   4.3
        D:6 |     304 |     625 |  67.3 |      11 |      10 |  47.6
        D:7 |     133 |       0 |   0.0 |       2 |       0 |   0.0
    Ossuary |       0 |     211 | 100.0 |       0 |      66 | 100.0
            +---------+---------+-------+---------+---------+-------
